 Dungeon Crawl Stone Soup version 0.18-a0-1088-g34ef3a2 (webtiles) character file.

18570 xgamer67 the Destroyer (level 12, -4/77 HPs)
             Began as an Octopode Fire Elementalist on Jan 15, 2016.
             Was a High Priest of Vehumet.
             Slain by a wolf (9 damage)
             ... on level 5 of the Lair of Beasts.
             The game lasted 01:05:46 (18670 turns).

xgamer67 the Destroyer (OpFE)                      Turns: 18670, Time: 01:05:46

Health: -4/77      AC:  1    Str:  8    XL:     12   Next: 59%
Magic:  16/37      EV: 14    Int: 21    God:    Vehumet [*****.]
Gold:   350        SH:  0    Dex: 13    Spells: 7 memorised, 2 levels left

rFire  . . .     SeeInvis +     b - staff of power
rCold  . . .     Gourm    .     (no shield)
rNeg   + . .     Faith    .     (helmet restricted)
rPois  .         Spirit   .     Q - amulet of dismissal
rElec  .         Dismiss  +     m - ring of see invisible
rCorr  .         Reflect  .     U - ring of flight
SustAt .         Harm     .     W - ring of positive energy
MR     .....                    (no ring)
Stlth  +++++.....               (no ring)
                                (no ring)
                                (no ring)
                                (no ring)

@: not resistant to hostile enchantments, quite stealthy
A: almost no armour, amphibious, 8 rings, constrict 8, camouflage 1, gelatinous
body 1
a: Renounce Religion, Evoke Flight


You were on level 5 of the Lair of Beasts.
You worshipped Vehumet.
Vehumet was extremely pleased with you.
You were hungry.

You visited 3 branches of the dungeon, and saw 15 of its levels.

You collected 539 gold pieces.
You spent 189 gold pieces at shops.

Inventory:

Hand Weapons
 a - the +5 dagger of the Dark Horse {pierce, Dex+4}
   (You found it on level 4 of the Dungeon)

   It inflicts extra damage upon your enemies.
   It affects your dexterity (+4).
 t - a +1 rapier of speed
Missiles
 y - 12 tomahawks (quivered)
 E - 5 tomahawks of returning
 H - 3 javelins
Armour
 v - a cursed +0 large shield
 B - a +0 shield
Magical Staves
 b - an uncursed staff of power (weapon)
Jewellery
 m - a ring of see invisible (left tentacle)
 A - an uncursed ring of teleportation
 Q - an amulet of dismissal (around mantle)
 U - a ring of flight (right tentacle)
 W - a ring of positive energy (on tentacle)
Wands
 d - a wand of digging (14/24)
 N - a wand of slowing (32/48)
 P - a wand of paralysis (21/24)
 V - a wand of flame (24/48)
Scrolls
 e - a scroll of fog
 f - a scroll of recharging
 h - a scroll of brand weapon
 i - 6 scrolls of magic mapping
 n - 2 scrolls of enchant weapon
 r - 3 scrolls of teleportation
 D - 2 scrolls of amnesia
 J - 2 scrolls of blinking
 K - a scroll of fear
Potions
 g - 2 potions of agility
 j - a potion of lignification
 l - a potion of curing
 o - 2 potions of invisibility
 p - 2 potions of heal wounds
 s - 3 potions of brilliance
 z - 2 potions of might
 G - 3 potions of resistance
 I - a potion of magic
 O - 2 potions of berserk rage
Books
 c - a book of Enchantments

   Spells                             Type                      Level
   a - Cause Fear                     Hexes                        4
   b - Yara's Violent Unravelling     Hexes/Transmutation          5
   c - Silence                        Hexes/Air                    5
   d - Deflect Missiles               Charms/Air                   6
   e - Haste                          Charms                       6
   f - Discord                        Hexes                        8
 u - a book of Flames

   Spells                             Type                      Level
   a - Flame Tongue                   Conjuration/Fire             1
   b - Throw Flame                    Conjuration/Fire             2
   c - Conjure Flame                  Conjuration/Fire             3
   d - Inner Flame                    Hexes/Fire                   3
   e - Sticky Flame                   Conjuration/Fire             4
   f - Fireball                       Conjuration/Fire             5
 w - a book of Transfigurations

   Spells                             Type                      Level
   a - Stoneskin                      Transmutation/Earth          2
   b - Irradiate                      Conjuration/Transmutation    5
   c - Statue Form                    Transmutation/Earth          6
   d - Hydra Form                     Transmutation                6
   e - Dragon Form                    Transmutation                7
 L - a book of the Warp

   Spells                             Type                      Level
   a - Recall                         Summoning/Translocation      3
   b - Gell's Gravitas                Hexes/Translocation          3
   c - Force Lance                    Conjuration/Translocation    4
   d - Phase Shift                    Translocation                5
   e - Warp Weapon                    Charms/Translocation         5
   f - Summon Forest                  Summoning/Translocation      5
 M - a book of Battle

   Spells                             Type                      Level
   a - Infusion                       Charms                       1
   b - Shroud of Golubria             Charms/Translocation         2
   c - Song of Slaying                Charms                       2
   d - Spectral Weapon                Hexes/Charms                 3
   e - Regeneration                   Charms/Necromancy            3
Miscellaneous
 Y - a disc of storms
 Z - a crystal ball of energy
Comestibles
 k - 8 fruits
 q - 4 meat rations
 x - a royal jelly
 F - 6 beef jerkies
 R - 5 bread rations


   Skills:
 + Level 5.5 Fighting
 + Level 5.6 Dodging
 - Level 7.0 Stealth
 - Level 7.0 Spellcasting
 - Level 12.0 Conjurations
 - Level 7.1 Charms
 - Level 10.0 Fire Magic


You had 2 spell levels left.
You knew the following spells:

 Your Spells              Type           Power        Failure   Level  Hunger
a - Flame Tongue          Conj/Fire      #####        1%          1    None
b - Throw Flame           Conj/Fire      ######       1%          2    None
c - Sticky Flame          Conj/Fire      ######..     1%          4    ###....
d - Fireball              Conj/Fire      ######....   1%          5    #####..
e - Conjure Flame         Conj/Fire      ######..     1%          3    #......
f - Bolt of Magma         Conj/Fire/Erth #####.....   4%          5    #####..
R - Regeneration          Chrm/Necr      ###.......   10%         3    #......


Dungeon Overview and Level Annotations

Branches:
Dungeon (9/15)             Temple (1/1) D:6            Lair (5/8) D:8
  Snake (0/4) Lair:4          Orc (0/2) D:9
  Swamp: Lair:3-6    Shoals: Lair:3-6

Altars:
Cheibriados
Fedhas
Kikubaaqudgha
Nemelex Xobeh
Okawaru
Pakellas
Ru
Sif Muna
Trog
Vehumet
The Shining One
Beogh

Shops:
D:6 ?

Annotations:
D:2 yiuf, Crazy Yiuf
D:3 chonchonts's ghost, amateur DECj
Lair:1 Erica; namelastname112's ghost, novice DrWz; nublet's ghost, novice CeFE
Lair:3 Gastronok
Lair:4 yogakurto's ghost, journeyman MfHu


Innate Abilities, Weirdness & Mutations

You cannot wear most types of armour.
You are amphibious.
You can wear up to eight rings at the same time.
You can use your tentacles to constrict eight enemies at once.
Your skin changes colour to match your surroundings (Stealth).
Your rubbery body absorbs attacks (AC +1).


Message History

You kill the polar bear!
Vehumet accepts your kill.
You feel your power returning. The wolf bites you. The wolf closely misses you.
Casting: Sticky Flame
Confirm with . or Enter, or press ? or * to list all spells.
Aiming: Sticky Flame
Press: ? - help, Shift-Dir - straight line, f - wolf
Aim: a wolf The sticky flame hits the wolf.
The wolf is moderately wounded.
The wolf is covered in liquid flames!
You are feeling hungry.
The wolf burns!
The wolf barely misses you. The wolf bites you. The wolf bites you!
* * * LOW HITPOINT WARNING * * *
The wolf closely misses you.
The wolf burns!
The wolf bites you!
* * * LOW HITPOINT WARNING * * *
The wolf barely misses you. The wolf bites you!
You die...

#########
###..#..h.###.#
#.......h@....#
#..........(.P#
##....(.......##
##.............#
#P.............#
###...<.........#
#..............#
..................
#.P.............


You could see 2 wolves.

Vanquished Creatures
  A hydra (Lair:2)
  Sonja (Lair:2)
  6 komodo dragons
  4 spiny frogs (Lair:2)
  2 polar bears
  Grinder (D:5)
  9 blink frogs
  17 yaks
  2 hungry ghosts (D:9)
  2 basilisks
  6 hippogriffs
  2 wolves
  3 nagas (Lair:4)
  8 water moccasins
  8 porcupines
  3 ice beasts
  6 orc warriors
  A sky beast (D:8)
  A necrophage (D:9)
  6 centaurs
  5 ogres
  3 phantoms
  7 crocodiles
  9 giant frogs
  An elf skeleton (D:9)
  2 gnoll sergeants
  A water moccasin zombie (D:5)
  A scorpion (D:5)
  5 killer bees (D:8)
  10 wights
  A centaur zombie (D:9)
  A crimson imp (D:9)
  2 human zombies (D:9)
  3 jellies
  9 orc priests
  2 hounds
  9 orc wizards
  A centaur skeleton (D:4)
  2 human skeletons (D:9)
  8 iguanas
  8 worker ants
  5 sheep (Lair:1)
  A killer bee zombie (D:5)
  2 hound skeletons
  2 mummies (D:9)
  14 adders
  12 gnolls
  35 river rats
  4 shadow imps
  2 oozes (D:2)
  An adder skeleton (D:4)
  A worm (D:2)
  4 giant geckos
  48 orcs
  3 ball pythons
  6 giant cockroaches
  3 goblins (D:2)
  5 hobgoblins
  6 jackals
  6 kobolds
  9 quokkas
  11 bats
  2 giant gecko skeletons
  A giant gecko zombie (D:9)
  6 giant newts
  A jackal skeleton (D:4)
  An orc zombie (D:9)
  13 rats
  A fungus (D:2)
384 creatures vanquished.

Vanquished Creatures (others)
  3 fungi (Lair:4)
  10 plants
13 creatures vanquished.

Grand Total: 397 creatures vanquished

Notes
Turn   | Place    | Note
--------------------------------------------------------------
     0 | D:1      | xgamer67 the Octopode Fire Elementalist began the quest for the Orb.
     0 | D:1      | Reached XP level 1. HP: 11/11 MP: 3/3
   571 | D:1      | Reached XP level 2. HP: 17/17 MP: 3/5
   597 | D:1      | Learned a level 2 spell: Throw Flame
  1384 | D:2      | Reached XP level 3. HP: 21/21 MP: 6/6
  1603 | D:2      | Found a bloodstained altar of Trog.
  2015 | D:2      | Reached XP level 4. HP: 27/27 MP: 7/7
  2020 | D:2      | Learned a level 3 spell: Conjure Flame
  2333 | D:2      | Noticed Crazy Yiuf
  2528 | D:3      | Noticed chonchonts's ghost (amateur DECj)
  2635 | D:4      | Got a translucent dagger
  2636 | D:4      | Identified the +5 dagger of the Dark Horse {pierce, Dex+4} (You found it on level 4 of the Dungeon)
  2909 | D:4      | Reached skill level 4 in Conjurations
  3010 | D:4      | Reached XP level 5. HP: 17/31 MP: 0/8
  3454 | D:4      | Reached skill level 5 in Conjurations
  3578 | D:4      | Noticed a centaur
  3590 | D:4      | Killed a centaur
  3590 | D:4      | Reached skill level 6 in Conjurations
  3590 | D:4      | Reached XP level 6. HP: 6/36 MP: 3/9
  3986 | D:4      | Noticed a phantom
  4190 | D:4      | Reached XP level 7. HP: 30/41 MP: 3/10
  5127 | D:2      | Found a snail-covered altar of Cheibriados.
  5655 | D:5      | Entered Level 5 of the Dungeon
  5658 | D:5      | Reached skill level 7 in Conjurations
  5664 | D:5      | Learned a level 4 spell: Sticky Flame
  6045 | D:5      | Noticed Grinder
  6186 | D:5      | Reached skill level 5 in Fire Magic
  6209 | D:5      | Reached XP level 8. HP: 44/46 MP: 10/12
  6278 | D:5      | Found a sacrificial altar of Ru.
  6482 | D:5      | Reached skill level 8 in Conjurations
  6648 | D:5      | Reached skill level 1 in Fighting
  6746 | D:5      | Paralysed by Grinder for 4 turns
  6758 | D:5      | Killed Grinder
  7283 | D:6      | Found a glowing golden altar of the Shining One.
  7308 | D:6      | Found a sparkling altar of Nemelex Xobeh.
  7315 | D:6      | Found Zokhly's Magic Scroll Boutique.
  7331 | D:6      | Bought a scroll of blinking for 105 gold pieces
  7331 | D:6      | Bought a scroll of random uselessness for 14 gold pieces
  7331 | D:6      | Bought a scroll of identify for 28 gold pieces
  7345 | D:6      | Reached XP level 9. HP: 55/55 MP: 15/15
  7950 | D:6      | Found a staircase to the Ecumenical Temple.
  7956 | Temple   | Entered the Ecumenical Temple
  7967 | Temple   | Became a worshipper of Vehumet
  8849 | D:7      | Found a deep blue altar of Sif Muna.
  9046 | D:7      | Learned a level 5 spell: Fireball
  9470 | D:7      | Reached skill level 5 in Dodging
  9963 | D:7      | Reached * piety under Vehumet
  9963 | D:7      | Offered knowledge of Shock by Vehumet.
 10062 | D:6      | Bought a scroll of remove curse for 42 gold pieces
 10200 | D:8      | Reached skill level 9 in Conjurations
 10518 | D:8      | Reached XP level 10. HP: 36/63 MP: 2/16
 11124 | D:8      | Found a staircase to the Lair.
 11140 | D:8      | Reached skill level 5 in Spellcasting
 11148 | D:8      | Offered knowledge of Sandblast by Vehumet.
 11156 | D:8      | Reached ** piety under Vehumet
 11176 | D:8      | Reached skill level 5 in Fighting
 11823 | D:9      | Found an oddly glowing altar of Pakellas.
 11932 | D:9      | Reached skill level 5 in Stealth
 12025 | D:9      | Reached skill level 10 in Conjurations
 12594 | D:9      | Found a roughly hewn altar of Beogh.
 12604 | D:9      | Found a staircase to the Orcish Mines.
 12777 | D:9      | Reached XP level 11. HP: 67/71 MP: 20/20
 12822 | D:9      | Offered knowledge of Mephitic Cloud by Vehumet.
 12965 | D:9      | Reached *** piety under Vehumet
 13242 | D:9      | Found an ancient bone altar of Kikubaaqudgha.
 13458 | D:9      | Offered knowledge of Olgreb's Toxic Radiance by Vehumet.
 13912 | Lair:1   | Entered Level 1 of the Lair of Beasts
 13912 | Lair:1   | Noticed a four-headed hydra
 14183 | Lair:1   | Noticed namelastname112's ghost (novice DrWz)
 14382 | Lair:1   | Noticed nublet's ghost (novice CeFE)
 14522 | Lair:2   | Learned a level 3 spell: Regeneration
 14599 | Lair:2   | Reached skill level 1 in Charms
 14667 | Lair:2   | Reached **** piety under Vehumet
 14702 | Lair:2   | Killed a four-headed hydra
 14702 | Lair:2   | Reached skill level 11 in Conjurations
 15168 | Lair:2   | Noticed Sonja
 15254 | Lair:1   | Noticed Erica
 15393 | Lair:2   | Killed Sonja
 15393 | Lair:2   | Offered knowledge of Bolt of Magma by Vehumet.
 15932 | Lair:2   | Found a blossoming altar of Fedhas.
 16100 | Lair:2   | Learned a level 5 spell: Bolt of Magma
 16283 | Lair:3   | Reached skill level 10 in Fire Magic
 16292 | Lair:3   | Reached XP level 12. HP: 36/77 MP: 22/22
 16628 | Lair:3   | Reached skill level 5 in Charms
 16789 | Lair:3   | Noticed Gastronok
 16855 | Lair:3   | Reached skill level 12 in Conjurations
 17975 | Lair:3   | Reached ***** piety under Vehumet
 18276 | Lair:4   | Found a staircase to the Snake Pit.
 18304 | Lair:4   | Offered knowledge of Delayed Fireball by Vehumet.
 18562 | Lair:4   | Noticed yogakurto's ghost (journeyman MfHu)
 18670 | Lair:5   | Slain by a wolf

Vault maps used:
D:1:      mrwooster_arrival_statue_3, serial_forest, infiniplex_forest_split,
          infiniplex_forest_join, infiniplex_forest_clump_tiny,
          infiniplex_forest_straight_5, infiniplex_forest_lined_3,
          infiniplex_forest_lined_2
D:2:      nicolae_overflow_hidden_temple, lemuel_doored_altar, first_bread,
          kennysheep_generic_room_3, uniq_crazy_yiuf_cottage
D:3:      portal_sewer_entry_b
D:5:      overflow_temple_1_default, uniq_grinder
D:6:      old_standard_altar, temple_statues, serial_shops, shop, basic_altar,
          serial_bayou_ford_a, eino_tiny_chamber, nicolae_lava_and_water,
          minmay_misc_feat_cross, kennysheep_generic_room_4
D:7:      kennysheep_orc_sif_temple, minmay_misc_feat_iff
D:8:      minmay_lair_entry_grove
D:9:      grunt_pakellas_basics, lemuel_mausoleum_altar_kikubaaqudgha,
          david_orc_5, fungi_pond_lemuel, grunt_livestock
Temple:   water_room_temple_a_12
Lair:1:   beast_lair_carwin_large_4, kennysheep_snail_temple, uniq_erica,
          uniq_urug
Lair:2:   grunt_forest_small_clearings, lemuel_centaur_altar, uniq_sonja
Lair:3:   uniq_gastronok
Lair:4:   guppyfry_snake_entry_island, hangedman_lair_unloving_vines,
          minivault_25, eino_small_chamber_without_monster, st_stairs_11

Action                   |  1- 3 |  4- 6 |  7- 9 | 10-12 || total
-------------------------+-------+-------+-------+-------++-------
Melee: Dagger            |    43 |    29 |    89 |    75 ||   236
       Staff             |       |       |       |    12 ||    12
Throw: Tomahawk          |       |       |    12 |       ||    12
 Cast: Flame Tongue      |    23 |    55 |   159 |   334 ||   571
       Conjure Flame     |       |     1 |     7 |     5 ||    13
       Throw Flame       |       |       |    17 |    79 ||    96
       Sticky Flame      |       |       |    15 |    64 ||    79
       Fireball          |       |       |       |    17 ||    17
       Regeneration      |       |       |       |     4 ||     4
       Bolt of Magma     |       |       |       |     1 ||     1
  Use: Scroll            |     2 |     2 |    14 |     7 ||    25
       Potion            |       |       |     3 |     1 ||     4
 Stab: Sleeping          |    18 |     3 |    22 |    11 ||    54
       Distracted        |       |       |     2 |       ||     2
  Eat: Chunk             |     3 |     8 |    24 |    36 ||    71
       Fruit             |       |       |       |     5 ||     5
       Pizza             |       |       |       |     1 ||     1
